TOP OF THE 1ST |
University of North Carolina at Chapel Hill Tar Heels batting - Pitching for Rice University Owls : RHP Antonio Ybarra
|
Pitching: RHP Antonio Ybarra
|
|
Batting: RHB Bill Atley
|
0-0: Ball 1-0: Ground out 4-3 (Groundball, 4S, EV 85.0 MPH)
|
Batting: SHB Jim Saxon
|
0-0: Ground out 5-3 (Groundball, 5, EV 80.0 MPH)
|
Batting: LHB Ryan Young
|
0-0: Called Strike 0-1: Swinging Strike 0-2: Ball 1-2: Ball 2-2: Strikes out swinging
|
Top of the 1st over - 0 runs, 0 hits, 0 errors, 0 left on base; University of North Carolina at Chapel Hill 0 - Rice University 0 |
BOTTOM OF THE 1ST |
Rice University Owls batting - Pitching for University of North Carolina at Chapel Hill Tar Heels : RHP Berry Dow
|
Pitching: RHP Berry Dow
|
|
Batting: RHB Caleb Mercer
|
0-0: Foul Ball, location: 2F 0-1: Ball 1-1: Ball 2-1: Swinging Strike 2-2: Ground out 5-3 (Groundball, 56S, EV 68.1 MPH)
|
Batting: RHB Javier Quinones
|
0-0: Fly out, F7 (Line Drive, 78M, EV 98.1 MPH)
|
Batting: RHB Jose Soto
|
0-0: Ball 1-0: Ball 2-0: Ground out 3-1 (Groundball, 34, EV 103.1 MPH)
|
Bottom of the 1st over - 0 runs, 0 hits, 0 errors, 0 left on base; University of North Carolina at Chapel Hill 0 - Rice University 0 |
TOP OF THE 2ND |
University of North Carolina at Chapel Hill Tar Heels batting - Pitching for Rice University Owls : RHP Antonio Ybarra
|
Batting: SHB Sam Fredrick
|
0-0: Ball 1-0: Ball 2-0: Called Strike 2-1: Fly out, F6 (Flyball, 6D, EV 80.6 MPH)
|
Batting: RHB Tan Halit
|
0-0: SINGLE (Flyball, 6D, EV 93.8 MPH)
|
Batting: RHB Tony Jennings
|
0-0: Called Strike 0-1: Foul Ball, location: 2F 0-2: Ball 1-2: Ball 2-2: Foul Ball, location: 2F 2-2: Ball 3-2: Foul Ball, location: 2F 3-2: Fly out, F9 (Flyball, 9, EV 91.2 MPH)
|
Batting: RHB Mike Storey
|
0-0: Ball 1-0: Called Strike 1-1: Ball 2-1: Called Strike 2-2: Ball 3-2: Base on Balls Tan Halit to second
|
Batting: RHB Kyle Franken
|
0-0: Called Strike 0-1: Ball 1-1: Ball 2-1: DOUBLE (Flyball, 78D, EV 101.9 MPH) Tan Halit scores Mike Storey to third Runner from 3rd tries for Home, SAFE, no throw by LF
|
Batting: RHB Brandon Wilson
|
0-0: Foul Ball, location: 2F 0-1: Ball 1-1: Swinging Strike 1-2: Strikes out swinging
|
Top of the 2nd over - 2 runs, 2 hits, 0 errors, 1 left on base; University of North Carolina at Chapel Hill 2 - Rice University 0 |
BOTTOM OF THE 2ND |
Rice University Owls batting - Pitching for University of North Carolina at Chapel Hill Tar Heels : RHP Berry Dow
|
Batting: SHB Ken Wilson
|
0-0: SINGLE (Groundball, 4MD, EV 103.8 MPH)
|
Batting: RHB Neil Worth
|
0-0: Called Strike 0-1: Fly out, F8 (Flyball, 8RS, EV 81.2 MPH)
|
Batting: LHB Chris Gonzales
|
0-0: Ball 1-0: Ball 2-0: Ball 3-0: Called Strike 3-1: Fielders Choice at 2nd, 4-6 (Groundball, 34, EV 85.6 MPH)
|
Batting: RHB Allen Jarvis
|
Pickoff Throw to First - Out! 1-3 CS
|
Bottom of the 2nd over - 0 runs, 1 hit, 0 errors, 0 left on base; University of North Carolina at Chapel Hill 2 - Rice University 0 |
TOP OF THE 3RD |
University of North Carolina at Chapel Hill Tar Heels batting - Pitching for Rice University Owls : RHP Antonio Ybarra
|
Batting: RHB Bill Atley
|
0-0: Ball 1-0: Called Strike 1-1: SINGLE (Groundball, 3S, EV 66.9 MPH) (infield hit)
|
Batting: SHB Jim Saxon
|
0-0: Swinging Strike 0-1: Ball 1-1: Reached on error, E4 (Groundball, 4, EV 90.6 MPH) Bill Atley to second
|
Batting: LHB Ryan Young
|
0-0: Called Strike 0-1: TRIPLE (Flyball, 78XD, EV 102.5 MPH) Bill Atley scores Jim Saxon scores
|
Batting: SHB Sam Fredrick
|
0-0: Ball 1-0: Called Strike 1-1: Ball 2-1: Ground out 3-1 (Groundball, 34, EV 79.4 MPH) Ryan Young scores
|
Batting: RHB Tan Halit
|
0-0: Ball 1-0: Called Strike 1-1: SINGLE (Line Drive, 34D, EV 97.5 MPH)
|
Batting: RHB Tony Jennings
|
0-0: Ball 1-0: Ball 2-0: Ball 3-0: Called Strike 3-1: Base on Balls Tan Halit to second
|
Batting: RHB Mike Storey
|
0-0: 3-RUN HOME RUN (Flyball, 7D, EV 98.1 MPH), Distance : 366 ft
|
Pitching: RHP Nick Brooks
|
|
Batting: RHB Kyle Franken
|
0-0: Ball 1-0: Ball 2-0: Ball 3-0: Called Strike 3-1: Base on Balls
|
Batting: RHB Brandon Wilson
|
0-0: Called Strike 0-1: SINGLE (Groundball, 56, EV 99.4 MPH) Kyle Franken to second
|
Batting: RHB Bill Atley
|
0-0: Ball 1-0: Swinging Strike 1-1: Reached on error, E3 (Groundball, 3L, EV 83.8 MPH) Kyle Franken to third Brandon Wilson to second
|
Batting: SHB Jim Saxon
|
0-0: Ball 1-0: DOUBLE (Flyball, 9LD, EV 103.1 MPH) Kyle Franken scores Brandon Wilson scores Bill Atley to third Runner from 3rd tries for Home, SAFE, throw by RF to home
|
Batting: LHB Ryan Young
|
0-0: Called Strike 0-1: Swinging Strike 0-2: Fly out, F8 (Flyball, 8RM, EV 84.4 MPH)
|
Batting: SHB Sam Fredrick
|
0-0: Called Strike 0-1: Ball 1-1: Ground out 6-3 (Groundball, 6MD, EV 106.9 MPH)
|
Top of the 3rd over - 9 runs, 6 hits, 2 errors, 1 left on base; University of North Carolina at Chapel Hill 11 - Rice University 0 |
BOTTOM OF THE 3RD |
Rice University Owls batting - Pitching for University of North Carolina at Chapel Hill Tar Heels : RHP Berry Dow
|
Batting: RHB Allen Jarvis
|
0-0: Ball 1-0: Ball 2-0: Foul Ball, location: 2F 2-1: Ground out 2-3 (Groundball, 2R, EV 70.6 MPH)
|
Batting: RHB Emanuel Pulido
|
0-0: Fly out, F9 (Flyball, 9D, EV 93.1 MPH)
|
Batting: SHB Steve Wipf
|
0-0: Foul Ball, location: 2F 0-1: Foul Ball, location: 2F 0-2: Ball 1-2: Ball 2-2: Ball 3-2: Ground out 1-3 (Groundball, 13S, EV 63.1 MPH)
|
Bottom of the 3rd over - 0 runs, 0 hits, 0 errors, 0 left on base; University of North Carolina at Chapel Hill 11 - Rice University 0 |
TOP OF THE 4TH |
University of North Carolina at Chapel Hill Tar Heels batting - Pitching for Rice University Owls : RHP Nick Brooks
|
Batting: RHB Tan Halit
|
0-0: Ball 1-0: Foul Ball, location: 2F 1-1: Called Strike 1-2: Fly out, F7 (Flyball, 7D, EV 77.5 MPH)
|
Batting: RHB Tony Jennings
|
0-0: Foul Ball, location: 2F 0-1: Ball 1-1: Swinging Strike 1-2: Fly out, F8 (Flyball, 8LD, EV 102.5 MPH)
|
Batting: RHB Mike Storey
|
0-0: Called Strike 0-1: Called Strike 0-2: Foul Ball, location: 2F 0-2: SINGLE (Groundball, 6D, EV 107.5 MPH)
|
Batting: RHB Kyle Franken
|
0-0: Ball 1-0: Fly out, F2 (Popup, 23F, EV 80.6 MPH)
|
Top of the 4th over - 0 runs, 1 hit, 0 errors, 1 left on base; University of North Carolina at Chapel Hill 11 - Rice University 0 |
BOTTOM OF THE 4TH |
Rice University Owls batting - Pitching for University of North Carolina at Chapel Hill Tar Heels : RHP Berry Dow
|
Batting: RHB Caleb Mercer
|
0-0: Ball 1-0: Ball 2-0: Ground out 5-3 (Groundball, 15, EV 90.0 MPH)
|
Batting: RHB Javier Quinones
|
0-0: Ball 1-0: Ball 2-0: Called Strike 2-1: Ball 3-1: Fly out, F4 (Line Drive, 34D, EV 60.6 MPH)
|
Batting: RHB Jose Soto
|
0-0: Swinging Strike 0-1: Ball 1-1: Called Strike 1-2: Foul Ball, location: 2F 1-2: Ball 2-2: Foul Ball, location: 2F 2-2: Hit by Pitch
|
Batting: SHB Ken Wilson
|
0-0: Ball 1-0: Ball 2-0: Ball 3-0: Base on Balls Jose Soto to second
|
Batting: RHB Neil Worth
|
0-0: Swinging Strike 0-1: Ball 1-1: Ball 2-1: Foul Ball, location: 2F Balk! Jose Soto to third Ken Wilson to second 2-2: Strikes out swinging
|
Bottom of the 4th over - 0 runs, 0 hits, 0 errors, 2 left on base; University of North Carolina at Chapel Hill 11 - Rice University 0 |
TOP OF THE 5TH |
University of North Carolina at Chapel Hill Tar Heels batting - Pitching for Rice University Owls : RHP Nick Brooks
|
Pitching: RHP Bill Lightheart
|
|
Batting: RHB Brandon Wilson
|
0-0: Ball 1-0: Ground out 5-3 (Groundball, 56, EV 81.2 MPH)
|
Batting: RHB Bill Atley
|
0-0: Ball 1-0: Ground out 4-3 (Groundball, 4, EV 94.4 MPH)
|
Batting: SHB Jim Saxon
|
0-0: Called Strike 0-1: Ball 1-1: Called Strike 1-2: Ball 2-2: Strikes out swinging
|
Top of the 5th over - 0 runs, 0 hits, 0 errors, 0 left on base; University of North Carolina at Chapel Hill 11 - Rice University 0 |
BOTTOM OF THE 5TH |
Rice University Owls batting - Pitching for University of North Carolina at Chapel Hill Tar Heels : RHP Berry Dow
|
Batting: LHB Chris Gonzales
|
0-0: Ball 1-0: Fly out, F9 (Flyball, 89D, EV 85.0 MPH)
|
Batting: RHB Allen Jarvis
|
0-0: Ball 1-0: Ball 2-0: Swinging Strike 2-1: Ball 3-1: Called Strike 3-2: Foul Ball, location: 2F 3-2: Base on Balls
|
Batting: RHB Emanuel Pulido
|
0-0: SINGLE (Groundball, 56S, EV 73.1 MPH) (infield hit) Allen Jarvis to second
|
Batting: SHB Steve Wipf
|
0-0: Ball 1-0: Ball 2-0: DOUBLE (Groundball, 3L, EV 101.2 MPH) Allen Jarvis scores Emanuel Pulido to third
|
Batting: RHB Caleb Mercer
|
0-0: Called Strike 0-1: Ball 1-1: Foul Ball, location: 2F 1-2: Strikes out looking
|
Batting: RHB Javier Quinones
|
0-0: Foul Ball, location: 2F 0-1: Ball 1-1: SINGLE (Flyball, 89S, EV 93.1 MPH) Emanuel Pulido scores Steve Wipf to third
|
Batting: RHB Jose Soto
|
0-0: Called Strike 0-1: Ball 1-1: Ball 2-1: Called Strike 2-2: 3-RUN HOME RUN (Flyball, 7LD, EV 96.9 MPH), Distance : 367 ft
|
Pitching: RHP C.J. Dombrowski
|
|
Batting: SHB Ken Wilson
|
0-0: Fly out, F7 (Flyball, 7, EV 77.5 MPH)
|
Bottom of the 5th over - 5 runs, 4 hits, 0 errors, 0 left on base; University of North Carolina at Chapel Hill 11 - Rice University 5 |
TOP OF THE 6TH |
University of North Carolina at Chapel Hill Tar Heels batting - Pitching for Rice University Owls : RHP Bill Lightheart
|
Batting: LHB Ryan Young
|
0-0: Called Strike 0-1: Swinging Strike 0-2: DOUBLE (Line Drive, 3D, EV 100.6 MPH)
|
Batting: SHB Sam Fredrick
|
0-0: Called Strike 0-1: Ball 1-1: Fly out, F8 (Flyball, 8RD, EV 92.5 MPH)
|
Batting: RHB Tan Halit
|
0-0: Ball 1-0: Called Strike 1-1: Foul Ball, location: 2F 1-2: Fly out, F9 (Flyball, 9, EV 94.4 MPH)
|
Batting: RHB Tony Jennings
|
0-0: Foul Ball, location: 2F 0-1: Ball 1-1: Fly out, F8 (Flyball, 8RXD, EV 108.1 MPH)
|
Top of the 6th over - 0 runs, 1 hit, 0 errors, 1 left on base; University of North Carolina at Chapel Hill 11 - Rice University 5 |
BOTTOM OF THE 6TH |
Rice University Owls batting - Pitching for University of North Carolina at Chapel Hill Tar Heels : RHP C.J. Dombrowski
|
Batting: RHB Neil Worth
|
0-0: TRIPLE (Flyball, 78XD, EV 111.2 MPH)
|
Batting: LHB Chris Gonzales
|
0-0: 2-RUN HOME RUN (Flyball, 9D, EV 97.5 MPH), Distance : 366 ft
|
Batting: RHB Allen Jarvis
|
0-0: Ball 1-0: Ball 2-0: Swinging Strike 2-1: Ball 3-1: Base on Balls
|
Batting: RHB Emanuel Pulido
|
0-0: Ball 1-0: Ball 2-0: Ball 3-0: Called Strike 3-1: Base on Balls Allen Jarvis to second
|
Batting: SHB Steve Wipf
|
0-0: Ball 1-0: Ball Wild Pitch! Allen Jarvis to third Emanuel Pulido to second 2-0: Called Strike 2-1: Foul Ball, location: 2F 2-2: Fly out, F8 (Flyball, 8RM, EV 98.8 MPH) Runner from 3rd tags up, SCORES, throw by CF
|
Pitching: LHP Andrew Lowe
|
|
Batting: RHB Caleb Mercer
|
0-0: Ball 1-0: DOUBLE (Line Drive, 9LM, EV 104.4 MPH) Emanuel Pulido scores
|
Batting: RHB Javier Quinones
|
0-0: Called Strike 0-1: Ball 1-1: Ground out 4-3 (Groundball, 4, EV 88.1 MPH) Caleb Mercer to third
|
Batting: RHB Jose Soto
|
0-0: Foul Ball, location: 2F 0-1: Ball 1-1: Ball 2-1: Foul Ball, location: 2F 2-2: Strikes out looking
|
Bottom of the 6th over - 4 runs, 3 hits, 0 errors, 1 left on base; University of North Carolina at Chapel Hill 11 - Rice University 9 |
TOP OF THE 7TH |
University of North Carolina at Chapel Hill Tar Heels batting - Pitching for Rice University Owls : RHP Bill Lightheart
|
Pitching: LHP Joe Fleury
|
|
Batting: RHB Mike Storey
|
0-0: Called Strike 0-1: Ball 1-1: Ball 2-1: Ground out 5-3 (Groundball, 56, EV 83.8 MPH)
|
Batting: RHB Kyle Franken
|
0-0: Ball 1-0: Ball 2-0: Fly out, F8 (Flyball, 8RXD, EV 98.1 MPH)
|
Batting: RHB Brandon Wilson
|
0-0: Ball 1-0: Swinging Strike 1-1: Foul Ball, location: 2F 1-2: Ball 2-2: SOLO HOME RUN (Flyball, 7LD, EV 97.5 MPH), Distance : 354 ft
|
Batting: RHB Bill Atley
|
0-0: Ball 1-0: Ball 2-0: Ball 3-0: Foul Ball, location: 2F 3-1: Base on Balls
|
Pitching: LHP Shan Ping
|
|
Batting: SHB Jim Saxon
|
0-0: Ball 1-0: Foul Ball, location: 2F 1-1: Swinging Strike 1-2: Foul Ball, location: 2F 1-2: Ball 2-2: Foul Ball, location: 2F 2-2: Ball 3-2: Base on Balls Bill Atley to second
|
Batting: LHB Ryan Young
|
0-0: Called Strike 0-1: Fly out, F5 (Popup, 6S, EV 80.0 MPH)
|
Top of the 7th over - 1 run, 1 hit, 0 errors, 2 left on base; University of North Carolina at Chapel Hill 12 - Rice University 9 |
BOTTOM OF THE 7TH |
Rice University Owls batting - Pitching for University of North Carolina at Chapel Hill Tar Heels : LHP Andrew Lowe
|
Batting: SHB Ken Wilson
|
0-0: Ball 1-0: Foul Ball, location: 2F 1-1: DOUBLE (Line Drive, 8RXD, EV 103.8 MPH)
|
Batting: RHB Neil Worth
|
0-0: Swinging Strike 0-1: Ball 1-1: Swinging Strike 1-2: Ball 2-2: Ball 3-2: Foul Ball, location: 2F 3-2: Strikes out swinging
|
Batting: LHB Chris Gonzales
|
0-0: Ball 1-0: Called Strike 1-1: SINGLE (Line Drive, 78S, EV 100.0 MPH) Ken Wilson to third
|
Batting: RHB Allen Jarvis
|
0-0: Called Strike 0-1: Foul Ball, location: 2F 0-2: Foul Ball, location: 2F 0-2: Ball 1-2: Ball 2-2: Strikes out swinging
|
Pitching: RHP Vince Sumpter
|
|
Pinch Hitting: SHB Dave Van Sickle
|
0-0: Ball 1-0: Ball 2-0: Ball 3-0: Called Strike 3-1: Called Strike 3-2: DOUBLE (Line Drive, 7LM, EV 104.4 MPH) Ken Wilson scores Chris Gonzales to third Chris Gonzales scores
|
Batting: SHB Steve Wipf
|
0-0: Ball 1-0: Swinging Strike 1-1: Ball 2-1: Foul Ball, location: 2F Balk! Dave Van Sickle to third 2-2: Strikes out swinging
|
Bottom of the 7th over - 2 runs, 3 hits, 0 errors, 1 left on base; University of North Carolina at Chapel Hill 12 - Rice University 11 |
TOP OF THE 8TH |
University of North Carolina at Chapel Hill Tar Heels batting - Pitching for Rice University Owls : LHP Shan Ping
|
Now at 2B: Alex Alvarez
|
|
Batting: SHB Sam Fredrick
|
0-0: Ball 1-0: Called Strike 1-1: Called Strike 1-2: Fly out, F7 (Flyball, 7LD, EV 96.2 MPH)
|
Batting: RHB Tan Halit
|
0-0: Ball 1-0: Ground out 4-3 (Groundball, 34, EV 97.5 MPH)
|
Batting: RHB Tony Jennings
|
0-0: Ball 1-0: Ball 2-0: Called Strike 2-1: SINGLE (Flyball, 3D, EV 98.1 MPH)
|
Batting: RHB Mike Storey
|
0-0: Ball 1-0: Foul Ball, location: 2F 1-1: Ball 2-1: Called Strike 2-2: Foul Ball, location: 2F 2-2: Strikes out swinging
|
Top of the 8th over - 0 runs, 1 hit, 0 errors, 1 left on base; University of North Carolina at Chapel Hill 12 - Rice University 11 |
BOTTOM OF THE 8TH |
Rice University Owls batting - Pitching for University of North Carolina at Chapel Hill Tar Heels : RHP Vince Sumpter
|
Batting: RHB Caleb Mercer
|
0-0: Ground out 1-3 (Groundball, P, EV 70.6 MPH)
|
Batting: RHB Javier Quinones
|
0-0: Called Strike 0-1: Foul Ball, location: 2F 0-2: Ground out 6-3 (Groundball, 6, EV 86.2 MPH)
|
Batting: RHB Jose Soto
|
0-0: Called Strike 0-1: DOUBLE (Flyball, 8RXD, EV 111.9 MPH)
|
Batting: SHB Ken Wilson
|
0-0: 2-RUN HOME RUN (Flyball, 9LD, EV 95.0 MPH), Distance : 351 ft
|
Batting: RHB Neil Worth
|
0-0: Ball 1-0: Called Strike 1-1: Ball 2-1: Foul Ball, location: 2F 2-2: DOUBLE (Flyball, 78D, EV 103.8 MPH)
|
Pitching: RHP Jayden Whittick
|
|
Batting: LHB Chris Gonzales
|
0-0: Fly out, F4 (Popup, 4S, EV 67.5 MPH)
|
Bottom of the 8th over - 2 runs, 3 hits, 0 errors, 1 left on base; University of North Carolina at Chapel Hill 12 - Rice University 13 |
TOP OF THE 9TH |
University of North Carolina at Chapel Hill Tar Heels batting - Pitching for Rice University Owls : LHP Shan Ping
|
Pitching: LHP Mitchell Carter
|
|
Now at 1B: Wendel van Baal
|
|
Batting: RHB Kyle Franken
|
0-0: Called Strike 0-1: Ball 1-1: Ball 2-1: Foul Ball, location: 2F 2-2: Foul Ball, location: 2F 2-2: Ball 3-2: SINGLE (Line Drive, 9S, EV 113.8 MPH)
|
Batting: RHB Brandon Wilson
|
0-0: Called Strike 0-1: Ball 1-1: Ball 2-1: Foul Ball, location: 2F 2-2: Ball 3-2: Base on Balls Kyle Franken to second
|
Batting: RHB Bill Atley
|
0-0: Grounds into double play, 3-6-3 (Groundball, 34, EV 86.2 MPH) Kyle Franken to third
|
Batting: SHB Jim Saxon
|
0-0: Ball 1-0: Ground out 6-3 (Groundball, 6, EV 99.4 MPH)
|
Top of the 9th over - 0 runs, 1 hit, 0 errors, 1 left on base; University of North Carolina at Chapel Hill 12 - Rice University 13 |
|